 Dungeon Crawl Stone Soup version 0.31.0-11-ge490571c62 (webtiles) character file.

Game seed: 9359323603713050405

486 qw the Shooter (level 6, -7/32 HPs)
             Began as a Spriggan Hunter on Feb 3, 2024.
             Mangled by a gnoll
             ... wielding a +0 halberd
              (14 damage)
             ... on level 5 of the Dungeon.
             The game lasted 00:00:11 (2884 turns).

qw the Shooter (Spriggan Hunter)                    Turns: 2884, Time: 00:00:12

Health: -7/32      AC:  3    Str: 10    XL:     6   Next: 89%
Magic:  7/7        EV: 11    Int: 11    God:
Gold:   203        SH:  0    Dex: 20    Spells: 5/5 levels left

rFire   . . .        d - +6 arbalest "Zuxos" {heavy, rC+ Will+ Str+3}
rCold   + . .        (shield currently unavailable)
rNeg    . . .        c - +1 robe
rPois   .            (helmet restricted)
rElec   .            (no cloak)
rCorr   .            (gloves unavailable)
SInv    +            (boots unavailable)
Will    ++...        (no amulet)
Stlth   ++           (no ring)
HPRegen 0.25/turn    (no ring)
MPRegen 0.10/turn

%: no passive effects
@: about to teleport, held, very quick
A: very small, no large weapons, unfitting armour, see invisible, speed 3
a: no special abilities


You were on level 5 of the Dungeon.
You visited 1 branch of the dungeon, and saw 5 of its levels.

You collected 241 gold pieces.
You spent 38 gold pieces at shops.


Innate Abilities, Weirdness & Mutations

You are very small and have problems with some larger weapons.
You are too small for most types of armour.
You have supernaturally acute eyesight. (SInv)
You cover ground extremely quickly. (Speed+++)


   Skills:
 - Level 2.7 Fighting
 + Level 6.6 Ranged Weapons
 - Level 6.0 Dodging
 - Level 1.5 Stealth


You had 5 spell levels left.
You didn't know any spells.
Your spell library was empty.

Inventory:

Hand Weapons
 d - the +6 arbalest "Zuxos" (weapon) {heavy, rC+ Will+ Str+3}
   (You acquired it on level 1 of the Dungeon)

   Str+3:     It affects your strength (+3).
   rC+:       It protects you from cold.
   Will+:     It increases your willpower.
Armour
 c - a +1 robe (worn)
Wands
 j - a wand of digging (5)
 n - a wand of paralysis (1)
Scrolls
 b - a scroll of teleportation
 g - a scroll of enchant armour
Potions
 e - a potion of resistance
 h - a potion of mutation
 k - a potion of enlightenment
 l - a potion of might
 m - a potion of ambrosia {unknown}

Dungeon Overview and Level Annotations

Branches:
Dungeon (5/15)
 Temple: D:4-7

Altars:
Zin

Shops:
D:1 *


Message History

The orc hits you but does no damage. The gnoll barely misses you.
You climb upwards.
There is a stone staircase leading down here.
You shoot a bolt. The bolt hits the adder!
You kill the adder!
The orc misses you. The gnoll misses you. The orc completely misses you.
The gnoll barely misses you. The orc barely misses you.
You shoot a bolt. The bolt barely misses the gnoll.
The orc hits you but does no damage. The gnoll closely misses you.
The orc completely misses you. The orc closely misses you.
The gnoll misses you. The orc misses you. The orc hits you with a +0 club.
The gnoll barely misses you. The orc hits you with a +0 falchion.
You shoot a bolt. The bolt hits the gnoll!!
You kill the gnoll!
The orc completely misses you. The orc barely misses you.
The orc hits you with a +0 club. The orc misses you.
You shoot a bolt. The bolt hits the orc!!
You kill the orc!
The orc barely misses you. x2
You shoot a bolt. The bolt hits the orc!!!
You kill the orc!
You start resting.
HP restored.
You climb downwards.
The gnoll throws a throwing net.
The throwing net hits you.
You become entangled in the net!
The gnoll hits you with a +0 club.
There is a stone staircase leading up here.
You see here a throwing net.
You tear a large gash into the net.
The gnoll hits you with a +0 club.
The gnoll hits you from afar with a +0 spear.
You struggle against the net.
The gnoll barely misses you. x2
You struggle against the net.
The gnoll hits you with a +0 club.
The gnoll hits you from afar with a +0 spear.
2884 ||| READING 2 scrolls of teleportation.
As you read the scroll of teleportation, it crumbles to dust.
You feel strangely unstable.
The gnoll hits you from afar with a +0 halberd!
You die...

.........###...
...............
...............
...............
....>..........
...............
......g........
#.g.@.......
.........#...##
.....g....# ..#
.....#....# .
....$.#.###
......### ...
.. #.....


You could see 3 gnolls.

Vanquished Creatures
  Menkaure (D:4)
  A scorpion (D:4)
  A hound (D:4)
  An orc priest (D:3)
  A sleepcap (D:4)
  An iguana (D:4)
  A gnoll (D:4)
  5 adders
  2 dart slugs
  A ribbon worm (D:4)
  26 orcs
  6 ball pythons
  8 endoplasms
  3 giant cockroaches
  8 goblins
  9 hobgoblins
  4 jackals (D:4)
  4 quokkas
  3 bats
  4 frilled lizards
  10 kobolds
  7 rats
107 creatures vanquished.

Notes
Turn   | Place    | Note
-------+----------+-------------------------------------------
     0 | D:1      | qw the Spriggan Hunter began the quest for the Orb.
     0 | D:1      | Reached XP level 1. HP: 10/10 MP: 2/2
     0 | D:1      | 0 ||| qw: Version: 0.3-a-157-g843a77d
     0 | D:1      | 0 ||| qw: Game counter: 3842
     0 | D:1      | 0 ||| qw: Melee chars always use a shield: true
     0 | D:1      | 0 ||| qw: God list: Okawaru
     0 | D:1      | 0 ||| qw: Allow faded altars: false
     0 | D:1      | 0 ||| qw: Do Orc after clearing Dungeon:15 true
     0 | D:1      | 0 ||| qw: Do second Lair branch before Depths: true
     0 | D:1      | 0 ||| qw: Lair rune preference: random
     0 | D:1      | 0 ||| qw: Goals: Normal
     0 | D:1      | 0 ||| PLANNING D:1-11
    24 | D:1      | Reached skill level 3 in Dodging
    95 | D:1      | Reached XP level 2. HP: 14/14 MP: 3/3
   219 | D:1      | Found a faded altar of an unknown god.
   288 | D:1      | Reached XP level 3. HP: 18/18 MP: 4/4
   291 | D:1      | Found Guukleyb's Assorted Antiques.
   294 | D:1      | 294 ||| BUYING cyan potion (19 gold).
   294 | D:1      | Bought a cyan potion for 19 gold pieces
   294 | D:1      | 294 ||| BUYING fizzy ruby potion (19 gold).
   294 | D:1      | Bought a fizzy ruby potion for 19 gold pieces
   294 | D:1      | 294 ||| SHOPLISTING glass ring (110 gold, have 11).
   294 | D:1      | 294 ||| SHOPLISTING scratched golden ring (110 gold, have
                  | 11).
   294 | D:1      | 294 ||| SHOPLISTING scroll labelled CALO WOSYX (22 gold,
                  | have 11).
   294 | D:1      | 294 ||| SHOPLISTING scroll labelled GOTYIM ACRIWI (22 gold,
                  | have 11).
   294 | D:1      | 294 ||| SHOPLISTING scroll labelled HANNEDW VEULO (22 gold,
                  | have 11).
   294 | D:1      | 294 ||| SHOPLISTING scroll labelled RIEJIN NUTAICW (22
                  | gold, have 11).
   294 | D:1      | 294 ||| SHOPLISTING scroll labelled ZIOKHL WOAG (22 gold,
                  | have 11).
   497 | D:1      | Found a glowing silver altar of Zin.
   503 | D:1      | 503 ||| DROPPING amulet of magic regeneration.
   504 | D:1      | 504 ||| READING scroll labelled DEZEBLOSOR.
   508 | D:1      | 508 ||| READING scroll labelled ULEIGA QUBOHYN.
   509 | D:1      | 509 ||| READING 2 scrolls labelled RIEJIN NUTAICW.
   510 | D:1      | 510 ||| READING scroll labelled GOTYIM ACRIWI.
   511 | D:1      | 511 ||| READING scroll labelled IROD ISCHAA.
   511 | D:1      | Identified a scroll of acquirement
   511 | D:1      | 511 ||| ACQUIRING +6 arbalest "Zuxos" {heavy, rC+ Will+
                  | Str+3}
   511 | D:1      | Acquired the +6 arbalest "Zuxos" {heavy, rC+ Will+ Str+3}
   513 | D:1      | 513 ||| SWAPPING to +6 arbalest "Zuxos" {heavy, rC+ Will+
                  | Str+3}.
   514 | D:1      | 514 ||| DROPPING +0 shortbow.
   515 | D:1      | 515 ||| READING scroll labelled HANNEDW VEULO.
   516 | D:1      | 516 ||| DROPPING scroll of butterflies.
   517 | D:1      | 517 ||| DROPPING scroll of fog.
   777 | D:2      | Reached XP level 4. HP: 22/22 MP: 5/5
  1145 | D:2      | 1145 ||| READING 2 scrolls labelled ZIOKHL WOAG.
  1145 | D:2      | 1145 ||| IDENTIFYING smoky clear potion
  1146 | D:2      | 1146 ||| READING scroll of identify.
  1146 | D:2      | 1146 ||| IDENTIFYING inky potion
  1147 | D:2      | 1147 ||| READING scroll labelled URGHIF OMMEAVVO.
  1147 | D:2      | 1147 ||| ENCHANTING +0 robe.
  1148 | D:2      | 1148 ||| READING scroll labelled VOYGAW WADO.
  1249 | D:2      | 1249 ||| READING scroll labelled FOELIL NUCLESE.
  1291 | D:2      | 1291 ||| DROPPING potion of lignification.
  1292 | D:2      | 1292 ||| DROPPING potion of invisibility.
  1816 | D:3      | Reached XP level 5. HP: 26/26 MP: 6/6
  1972 | D:3      | 1972 ||| READING scroll labelled HIQILL RIJO.
  1973 | D:3      | 1973 ||| DRINKING 2 fizzy ruby potions.
  2088 | D:4      | Noticed Menkaure
  2093 | D:4      | Killed Menkaure
  2094 | D:4      | Reached skill level 6 in Ranged Weapons
  2094 | D:4      | Reached XP level 6. HP: 32/32 MP: 7/7
  2202 | D:4      | Reached skill level 6 in Dodging
  2704 | D:4      | 2704 ||| READING 4 scrolls of identify.
  2704 | D:4      | 2704 ||| IDENTIFYING smoky purple potion
  2705 | D:4      | 2705 ||| READING 3 scrolls of identify.
  2705 | D:4      | 2705 ||| IDENTIFYING amethyst potion
  2706 | D:4      | 2706 ||| READING 2 scrolls of identify.
  2706 | D:4      | 2706 ||| IDENTIFYING ruby potion
  2707 | D:4      | 2707 ||| READING scroll of identify.
  2707 | D:4      | 2707 ||| IDENTIFYING cyan potion
  2708 | D:4      | 2708 ||| READING scroll labelled HAGOTA PAZEOX.
  2709 | D:4      | 2709 ||| DROPPING potion of brilliance.
  2711 | D:4      | 2711 ||| Stepping ~*~*~tactically~*~*~ (cloud).
  2847 | D:5      | Entered Level 5 of the Dungeon
  2848 | D:5      | 2848 ||| STAIRDANCE
  2857 | D:5      | 2857 ||| STAIRDANCE
  2883 | D:5      | HP: 7/32 [gnoll/+0 spear (6)]
  2884 | D:5      | 2884 ||| READING 2 scrolls of teleportation.
  2884 | D:5      | Mangled by a gnoll

Levels and vault maps discovered:
D:1:      dpeg_arrival_water_altar, layout_basic,
          dreamdust_ecumenical_altar_angels_and_demons, serial_shops,
          nicolae_shop_behind_doors
D:2:      layout_loops_ring
D:3:      cheibrodos_pilgrimage, layout_loops_ring, minmay_goblin_kobold_house
D:4:      layout_basic, uniq_menkaure
D:5:      layout_cave_pools, nicolae_overflow_quartered_altars,
          nicolae_dithmenos_through_a_glass_darkly, fedhas_altar_4,
          serial_shops, nicolae_shop_tiny_waterfront, minmay_misc_feat_encased,
          uniq_crazy_yiuf_cottage

Skill      XL: |  1  2  3  4  5  6 |
---------------+-------------------+-----
Dodging        | 3 4 5 6 |  6.0
Ranged Weapons | 5 6 |  6.6
Fighting       | 2 |  2.7
Stealth        | |  1.5

Action                     |  1- 3 |  4- 6 || total
---------------------------+-------+-------++-------
   Fire: Shortbow          |    84 |       ||    84
         Arbalest          |    14 |    94 ||   108
    Use: Scroll            |     6 |    12 ||    18
         Potion            |       |     1 ||     1
 Armour: Robe              |    10 |    36 ||    46
  Dodge: Dodged            |    33 |   110 ||   143

Table legend:
 A = Non-vault XP
 B = Vault XP
 C = Vault XP percentage of total XP
 D = Non-vault monster count
 E = Vault monster count
 F = Vault count percentage of total count
                 A         B        C        D         E       F
            +---------+---------+-------+---------+---------+-------
      Total |     462 |     233 |  33.5 |      96 |      11 |  10.3
            +---------+---------+-------+---------+---------+-------
        D:1 |      44 |       0 |   0.0 |      27 |       0 |   0.0
        D:2 |      63 |       0 |   0.0 |      18 |       0 |   0.0
        D:3 |      31 |      64 |  67.4 |      12 |      10 |  45.5
        D:4 |     324 |     169 |  34.3 |      39 |       1 |   2.5
            +---------+---------+-------+---------+---------+-------
